 Dungeon Crawl Stone Soup version 0.22-a0-542-gce4f928 (webtiles) character file.

30 iamserjio the Vandal (level 3, 0/24 HPs)
             Began as an Octopode Hunter on June 24, 2018.
             Slain by a goblin (2 damage)
             ... on level 2 of the Dungeon.
             The game lasted 00:01:37 (965 turns).

iamserjio the Vandal (Octopode Hunter)               Turns: 965, Time: 00:01:38

Health: 0/24       AC:  1    Str: 11    XL:     3   Next: 20%
Magic:  3/3        EV: 14    Int: 14    God:
Gold:   19         SH:  0    Dex: 12    Spells: 2/2 levels left

rFire    . . .     SeeInvis .   b - +0 short sword
rCold    . . .     Gourm    .   (no shield)
rNeg     . . .     Faith    .   (helmet restricted)
rPois    .         Spirit   .   (no amulet)
rElec    .         Reflect  .   (no ring)
rCorr    .         Harm     .   (no ring)
MR       .....                  (no ring)
Stlth    +++.......             (no ring)
HPRegen  0.08/turn              (no ring)
MPRegen  0.08/turn              (no ring)
                                (no ring)
                                (no ring)

@: no status effects
A: almost no armour, stealthy swim, amphibious, 8 rings, constrict 8, camouflage
1, gelatinous body 1
a: no special abilities


You were on level 2 of the Dungeon.
You were not hungry.

You visited 1 branch of the dungeon, and saw 2 of its levels.

You collected 19 gold pieces.

Inventory:

Hand Weapons
 a - a +1 hunting sling
 b - a +0 short sword (weapon)
 m - a +0 falchion
Missiles
 c - 37 sling bullets
 e - 30 stones (quivered)
Armour
 f - a +0 shield
Scrolls
 g - a scroll of remove curse {unknown}
 j - a scroll of identify {unknown}
Potions
 h - a potion of flight {unknown}
 i - a potion of agility {unknown}
 k - a potion of ambrosia {unknown}
 l - a potion of degeneration {unknown}
Comestibles
 d - 2 rations


   Skills:
 - Level 2.0 Fighting
 * Level 0.4 Short Blades
 - Level 4.0 Slings
 + Level 2.8 Dodging
 + Level 3.1 Stealth


You had 2 spell levels left.
You didn't know any spells.
Your spell library was empty.

Dungeon Overview and Level Annotations

Branches:
Dungeon (2/15)

Altars:


Innate Abilities, Weirdness & Mutations

You cannot wear most types of armour.
You are very stealthy in the water. (Stealth+)
You are amphibious.
You can wear up to eight rings at the same time.
You can use your tentacles to constrict eight enemies at once.
Your skin changes colour to match your surroundings (Stealth+).
Your rubbery body absorbs attacks. (AC +1, EV +1)


Message History

You constrict the goblin. The hobgoblin closely misses you.
The goblin hits you with a club.
You barely miss the goblin.
You kill the goblin!
The hobgoblin hits you but does no damage.
You hit the hobgoblin.
You kill the hobgoblin!
You hit the goblin. You grab the goblin.
The goblin is moderately wounded.
You constrict the goblin. The goblin hits you.
* * * LOW HITPOINT WARNING * * *
The goblin hits you.
* * * LOW HITPOINT WARNING * * *
The goblin hits you.
* * * LOW HITPOINT WARNING * * *
You barely miss the goblin. Your grab misses the goblin.
You constrict the goblin.
You kill the goblin!
The goblin hits you.
You die...

............
#########.#.
#### ....
.... ####
#########
#@gg.[..#
#8g....8#
#....(..#
#8.....8#
#.......#
#8.....8#
#.......#
#8...?%8#


You could see 3 goblins.

Vanquished Creatures
  An adder (D:2)
  4 bats (D:1)
  A giant cockroach (D:1)
  5 goblins
  3 hobgoblins
  A frilled lizard (D:2)
  2 kobolds
  2 rats (D:1)
19 creatures vanquished.

Notes
Turn   | Place    | Note
-------+----------+-------------------------------------------
     0 | D:1      | iamserjio the Octopode Hunter began the quest for the Orb.
     0 | D:1      | Reached XP level 1. HP: 14/14 MP: 1/1
    90 | D:1      | Reached XP level 2. HP: 7/19 MP: 2/2
   863 | D:2      | Reached XP level 3. HP: 24/24 MP: 3/3
   965 | D:2      | Slain by a goblin

Vault maps used:
D:1:      dpeg_arrival_subterranean_lakeside_camping
D:2:      kennysheep_the_goblin_king

Skill      XL: |  1  2 |
---------------+-------+-----
Stealth        | 2 3 |  3.1
Fighting       | |  2.0
Short Blades   | |  0.4
Slings         | |  4.0
Dodging        | |  2.8

Action                   || total
-------------------------++-------
Melee: Short sword       ||    45
       Constrict         ||    15
       Tentacles         ||     6
 Fire: Hunting sling     ||     1
 Stab: Sleeping          ||     3
Armor: Skin              ||    10
Dodge: Dodged            ||    45

Table legend:
 A = Spawn XP
 B = Non-spawn XP
 C = Spawn XP percentage of total XP
 D = Spawn monster count
 E = Non-spawn monster count
 F = Spawn count percentage of total count
 G = Total turns spent on level
                    A         B        C        D         E        F      G
               +---------+---------+-------+---------+---------+-------+---------
         Total |       0 |      44 |   0.0 |       0 |      19 |   0.0 |   965
               +---------+---------+-------+---------+---------+-------+---------
           D:1 |       0 |      19 |   0.0 |       0 |      12 |   0.0 |   842
           D:2 |       0 |      25 |   0.0 |       0 |       7 |   0.0 |   123
               +---------+---------+-------+---------+---------+-------+---------
